 Dungeon Crawl Stone Soup version 0.24-a0-275-g6f7e2cb (webtiles) character file.

Game seed: 3149650228706205062

137 Syader the Bolt Thrower (level 5, -4/32 HPs)
             Began as a Kobold Hunter on Apr 27, 2019.
             Slain by a centaur (5 damage)
             ... on level 3 of the Dungeon on Apr 28, 2019.
             The game lasted 00:06:21 (3010 turns).

Syader the Bolt Thrower (Kobold Hunter)             Turns: 3010, Time: 00:06:21

Health: -4/32      AC:  4    Str: 15    XL:     5   Next: 43%
Magic:  14/14      EV: 10    Int: 12    God:
Gold:   107        SH:  0    Dex: 16    Spells: 4/4 levels left

rFire    . . .     SeeInvis .   b - +0 short sword
rCold    . . .     Gourm    .   (shield restricted)
rNeg     . . .     Faith    .   c - +0 leather armour
rPois    .         Spirit   .   (no helmet)
rElec    .         Reflect  .   (no cloak)
rCorr    .         Harm     .   (no gloves)
MR       .....                  l - +0 pair of boots
Stlth    ++........             (no amulet)
HPRegen  0.10/turn              j - -6 ring of evasion (curse)
MPRegen  0.14/turn              g - ring of magical power

@: mighty
A: small, carnivore
a: no special abilities


You were on level 3 of the Dungeon.
You were not hungry.

You visited 1 branch of the dungeon, and saw 3 of its levels.

You collected 107 gold pieces.

Inventory:

Hand Weapons
 a - a +2 hand crossbow
 b - a +0 short sword (weapon)
Missiles
 d - 10 bolts
Armour
 c - a +0 leather armour (worn)
 l - a +0 pair of boots (worn)
Jewellery
 g - a ring of magical power (right hand)
 j - a cursed -6 ring of evasion (left hand)
Potions
 h - a potion of resistance {unknown}
 i - a potion of brilliance {unknown}
 k - a potion of curing {unknown}
 m - a potion of degeneration {unknown}
Comestibles
 f - 4 rations


   Skills:
 + Level 3.1 Fighting
 + Level 6.6 Crossbows
 + Level 3.3 Dodging
 + Level 1.9 Stealth


You had 4 spell levels left.
You didn't know any spells.
Your spell library was empty.

Dungeon Overview and Level Annotations

Branches:
Dungeon (3/15)

Altars:


Innate Abilities, Weirdness & Mutations

You are small and have problems with some larger weapons.
You are carnivorous and can eat meat at any time.


Message History

A worm and a centaur come into view.
The centaur wields a +0 shortbow.
The centaur shoots an arrow.
The arrow hits you!
The worm moves out of view.
You see here an arrow.
The centaur shoots an arrow.
The arrow hits you!
You hear a shout!
You see here an arrow.
The centaur unwields a +0 shortbow.
The centaur hits you.
You see here an arrow.
It was a potion of might.
You feel very mighty all of a sudden. The centaur hits you.
* * * LOW HITPOINT WARNING * * *
The centaur hits you.
* * * LOW HITPOINT WARNING * * *
Okay, then.
You puncture the centaur!
The centaur is heavily wounded.
The centaur hits you.
You die...

.... ... ... .. ..
.. #.##.# #####..#.#
.......#w# #..c..#
#@.# #(.# ######
#..# #...†# ##.##
#.##.#
#####..#####.##.#
............#.##.###
#######..#.##.##...#
#..#.##.####.#
#.>#..#.####.#


You could see a centaur and a worm.

Vanquished Creatures
  A worker ant zombie (D:2)
  5 adders (D:2)
  2 oozes (D:1)
  3 dart slugs
  2 leopard geckos
  7 bats
  2 giant cockroaches
  4 goblins
  6 hobgoblins
  14 jackals
  A quokka (D:3)
  6 frilled lizards
  4 kobolds (D:1)
  5 rats
62 creatures vanquished.

Notes
Turn   | Place    | Note
-------+----------+-------------------------------------------
     0 | D:1      | Syader the Kobold Hunter began the quest for the Orb.
     0 | D:1      | Reached XP level 1. HP: 12/12 MP: 1/1
    15 | D:1      | Reached skill level 5 in Crossbows
    87 | D:1      | Reached XP level 2. HP: 17/17 MP: 2/2
   230 | D:1      | Reached XP level 3. HP: 19/22 MP: 3/3
   603 | D:1      | Reached skill level 6 in Crossbows
  1010 | D:2      | Reached XP level 4. HP: 25/27 MP: 4/4
  1902 | D:2      | Reached XP level 5. HP: 32/32 MP: 5/5
  3002 | D:3      | Noticed a centaur
  3009 | D:3      | HP: 1/32 [centaur (5)]
  3010 | D:3      | Slain by a centaur

Levels and vault maps discovered:
D:1:      dpeg_arrival_line_fractal, layout_basic
D:2:      layout_basic, first_ration
D:3:      layout_basic, minmay_checkerbox, uniq_grinder, uniq_natasha,
          uniq_sigmund

Skill      XL: |  1  2  3  4  5 |
---------------+----------------+-----
Crossbows      | 5 6 |  6.6
Dodging        | 3 |  3.3
Fighting       | 3 |  3.1
Stealth        | |  1.9

Action                   |  1- 3 |  4- 6 || total
-------------------------+-------+-------++-------
Melee: Short sword       |    47 |   153 ||   200
 Fire: Hand crossbow     |    52 |    18 ||    70
  Use: Scroll            |       |     3 ||     3
       Potion            |       |     1 ||     1
 Stab: Sleeping          |       |     1 ||     1
  Eat: Chunk             |       |     7 ||     7
Armor: Leather armour    |    23 |    43 ||    66
Dodge: Dodged            |    64 |   122 ||   186

Table legend:
 A = Non-vault XP
 B = Vault XP
 C = Vault XP percentage of total XP
 D = Non-vault monster count
 E = Vault monster count
 F = Vault count percentage of total count
                 A         B        C        D         E       F
            +---------+---------+-------+---------+---------+-------
      Total |     196 |       0 |   0.0 |      62 |       0 |   0.0
            +---------+---------+-------+---------+---------+-------
        D:1 |      65 |       0 |   0.0 |      28 |       0 |   0.0
        D:2 |     121 |       0 |   0.0 |      28 |       0 |   0.0
        D:3 |      10 |       0 |   0.0 |       6 |       0 |   0.0
            +---------+---------+-------+---------+---------+-------
